 Dungeon Crawl Stone Soup version 0.19-a0-559-ga3d69d0 (webtiles) character file.

105 tyrsky the Gusty (level 4, -5/33 HPs)
             Began as a Draconian Air Elementalist on June 8, 2016.
             Slain by an iguana (9 damage)
             ... on level 4 of the Dungeon.
             The game lasted 00:07:25 (1559 turns).

tyrsky the Gusty (Draconian Air Elementalist)       Turns: 1559, Time: 00:07:26

Health: -5/33      AC:  5    Str: 11    XL:     4   Next: 54%
Magic:  0/8        EV: 12    Int: 16    God:
Gold:   80         SH:  0    Dex: 11    Spells: 4 memorised, 1 level left

rFire  . . .     SeeInvis +     j - staff of summoning
rCold  . . .     Gourm    .     (armour unavailable)
rNeg   . . .     Faith    .     (no shield)
rPois  .         Spirit   .     (helmet restricted)
rElec  .         Dismiss  .     (no cloak)
rCorr  .         Reflect  .     (no gloves)
SustAt .         Harm     .     (no boots)
MR     .....                    (no amulet)
Stlth  +.........               (no ring)
                                o - ring of see invisible

@: very slightly contaminated, repel missiles, not resistant to hostile
enchantments, very unstealthy
A: unfitting armour, hooves 1, stinger 1, deterioration 1, cold-blooded, AC +5
a: no special abilities


You were on level 4 of the Dungeon.
You were very hungry.

You visited 1 branch of the dungeon, and saw 4 of its levels.

You collected 80 gold pieces.

Inventory:

Missiles
 f - a throwing net (quivered)
Magical Staves
 j - an uncursed staff of summoning (weapon)
Jewellery
 o - a ring of see invisible (left hand)
Scrolls
 c - a scroll of random uselessness {unknown}
 g - a scroll of remove curse {unknown}
 h - a scroll of teleportation {unknown}
 k - 2 scrolls of fog {unknown}
Potions
 e - a potion of cure mutation {unknown}
 i - a potion of cancellation
 n - a potion of mutation
Books
 a - a book of Air

   Spells                             Type                      Level
   a - Shock                          Conjuration/Air              1
   b - Swiftness                      Charms/Air                   2
   c - Repel Missiles                 Charms/Air                   2
   d - Static Discharge               Conjuration/Air              3
   e - Lightning Bolt                 Conjuration/Air              5
Comestibles
 b - 2 bread rations
 d - a royal jelly
 l - a meat ration


   Skills:
 - Level 1.7 Dodging
 - Level 1.7 Stealth
 + Level 3.2 Spellcasting
 + Level 2.5 Conjurations
 + Level 3.8 Air Magic


You had one spell level left.
You knew the following spells:

 Your Spells              Type           Power        Failure   Level  Hunger
a - Shock                 Conj/Air       ##..         8%          1    None
b - Static Discharge      Conj/Air       ##......     17%         3    ###....
c - Swiftness             Chrm/Air       #.......     14%         2    ##.....
d - Repel Missiles        Chrm/Air       #.....       14%         2    ##.....


Dungeon Overview and Level Annotations

Branches:
Dungeon (4/15)
 Temple: D:4-7

Altars:
Makhleb
Xom
Yredelemnul


Innate Abilities, Weirdness & Mutations

Your plain brown scales are hard. (AC +5)
Your body does not fit into most forms of armour.
You are cold-blooded and may be slowed by cold attacks.
You have large cloven feet.
Your tail ends in a poisonous barb.
Your body sometimes deteriorates upon taking damage.


Message History

The iguana barely misses you.
You hit the iguana but do no damage.
You tail-slap the iguana, but do no damage.
The iguana is almost dead.
The iguana bites you.
* * * LOW HITPOINT WARNING * * *
You hit the iguana but do no damage.
The iguana is almost dead.
The iguana bites you but does no damage.
You hit the iguana.
The iguana is almost dead.
The iguana bites you!
* * * LOW HITPOINT WARNING * * *
The iguana barely misses you.
It was a potion of mutation.
You feel extremely strange.
You feel yourself wasting away.
A poisonous barb forms on the end of your tail.
Your feet thicken and deform.
The iguana bites you!
You die...

######
###....#
#...<..#
#......#
#.....##
#.....#
##.....###
#......d.#
#.###+##l#
#. .# # .#
.# .. ..
.#


You could see an iguana.

Vanquished Creatures
  A hound (D:2)
  4 adders
  An ooze (D:1)
  A dart slug (D:2)
  2 giant geckos (D:1)
  3 giant cockroaches
  3 goblins
  4 hobgoblins
  8 bats
  A giant newt (D:1)
  2 kobolds
  5 rats
35 creatures vanquished.

Notes
Turn   | Place    | Note
--------------------------------------------------------------
     0 | D:1      | tyrsky the Draconian Air Elementalist began the quest for the Orb.
     0 | D:1      | Reached XP level 1. HP: 14/14 MP: 3/3
   177 | D:1      | Reached XP level 2. HP: 15/20 MP: 0/5
   181 | D:1      | Learned a level 2 spell: Repel Missiles
   759 | D:1      | Reached XP level 3. HP: 6/26 MP: 0/7
   935 | D:2      | Found a burning altar of Makhleb.
   955 | D:2      | Reached XP level 4. HP: 14/33 MP: 0/8
  1019 | D:2      | Learned a level 2 spell: Swiftness
  1023 | D:2      | Learned a level 3 spell: Static Discharge
  1283 | D:2      | Found a shimmering altar of Xom.
  1419 | D:3      | Found a basalt altar of Yredelemnul.
  1559 | D:4      | Gained mutation: Your body sometimes deteriorates upon taking damage. [potion of mutation]
  1559 | D:4      | Gained mutation: Your tail ends in a poisonous barb. [potion of mutation]
  1559 | D:4      | Gained mutation: You have large cloven feet. [potion of mutation]
  1559 | D:4      | Slain by an iguana

Vault maps used:
D:1:      roderic_crop_circles_arrival_small, minmay_misc_feat_iff
D:2:      nicolae_overflow_crystal_walls, minmay_crystal_water,
          makhleb_blood_cavern_becter
D:3:      yredelemnul_altar_generic, first_bread
D:4:      lemuel_coloured_pillars_altar, lemuel_round_altar, serial_shops, shop,
          portal_sewer_entry_e, st_stairs_14, uniq_blork_the_orc

Skill      XL: |  1  2  3  4 |
---------------+-------------+-----
Conjurations   | 2 |  2.5
Spellcasting   | 3 |  3.2
Dodging        | |  1.7
Stealth        | |  1.7
Air Magic      | |  3.8

Action                   |  1- 3 |  4- 6 || total
-------------------------+-------+-------++-------
Melee: Unarmed           |    26 |       ||    26
       Tailslap          |     3 |     2 ||     5
       Staff             |    26 |    13 ||    39
Throw: Throwing net      |     2 |       ||     2
 Cast: Shock             |    67 |    40 ||   107
       Repel Missiles    |     2 |       ||     2
  Use: Potion            |     3 |     1 ||     4
  Eat: Chunk             |     1 |     1 ||     2
Armor: Skin              |    34 |     7 ||    41
Dodge: Dodged            |    69 |    18 ||    87
       Deflected         |     1 |       ||     1
